 Dungeon Crawl Stone Soup version 0.20.0 (webtiles) character file.

32 Danakh the Slasher (level 3, -1/22 HPs)
             Began as a Tengu Warper on May 31, 2017.
             Killed from afar by an orc wizard (4 damage)
             ... with a magic dart
             ... on level 5 of the Dungeon.
             The game lasted 00:02:31 (949 turns).

Danakh the Slasher (Tengu Warper)                    Turns: 949, Time: 00:02:32

Health: -1/22      AC:  3    Str: 11    XL:     3   Next: 25%
Magic:  7/7        EV: 12    Int: 13    God:
Gold:   120        SH:  0    Dex: 14    Spells: 2/6 levels left

rFire    . . .     SeeInvis .   a - +0 falchion
rCold    . . .     Gourm    .   (no shield)
rNeg     . . .     Faith    .   b - +0 leather armour
rPois    .         Spirit   .   (helmet restricted)
rElec    .         Reflect  .   (no cloak)
rCorr    .         Harm     .   (no gloves)
MR       .....                  (boots unavailable)
Stlth    +.........             (no amulet)
Regen    0.1/turn               j - ring of wizardry
MPRegen  0.1/turn               (no ring)

@: no status effects
A: beak, talons 3
a: no special abilities


You were on level 5 of the Dungeon.
You were not hungry.

You visited 1 branch of the dungeon, and saw 4 of its levels.

You collected 120 gold pieces.

Inventory:

Hand Weapons
 a - a +0 falchion (weapon)
Missiles
 e - 5 tomahawks of dispersal (quivered)
Armour
 b - a +0 leather armour (worn)
Jewellery
 j - a ring of wizardry (left hand)
Scrolls
 d - a scroll of blinking
 h - a scroll of immolation {unknown}
 l - a scroll of teleportation {unknown}
 m - a scroll of enchant armour {unknown}
Potions
 g - a potion of berserk rage {unknown}
 k - 2 potions of brilliance {unknown}
Books
 c - a book of Spatial Translocations

   Spells                             Type                      Level
   a - Blink                          Translocation                2
   b - Shroud of Golubria             Charms/Translocation         2
   c - Lesser Beckoning               Translocation                3
   d - Gell's Gravitas                Translocation                3
   e - Teleport Other                 Translocation                3
   f - Passage of Golubria            Translocation                4
Comestibles
 f - 2 bread rations
 i - 4 fruits


   Skills:
 + Level 2.6 Fighting
 * Level 2.7 Long Blades
 - Level 1.0 Throwing
 + Level 1.8 Armour
 + Level 2.5 Dodging
 - Level 2.0 Spellcasting
 - Level 2.4 Translocations


You had 2 spell levels left.
You knew the following spells:

 Your Spells              Type           Power        Failure   Level  Hunger
b - Blink                 Tloc           N/A          8%          2    ###....
e - Shroud of Golubria    Chrm/Tloc      #.........   12%         2    ###....


Dungeon Overview and Level Annotations

Branches:
Dungeon (5/15)
 Temple: D:4-7

Altars:


Innate Abilities, Weirdness & Mutations

You have a beak for a mouth.
You have claws for feet.


Message History

* * * LOW HITPOINT WARNING * * *
The orc hits you but does no damage.
You climb downwards.
Found a smoky ruby potion and 2 lumpy silvery potions.
Found an escape hatch in the ceiling.
There is a stone staircase leading up here.
You closely miss the orc wizard. Your peck misses the orc wizard.
The orc wizard misses you.
You riposte.
You hit the orc wizard. Your kick misses the orc wizard.
The orc wizard is moderately wounded.
You barely miss the orc wizard.
The orc wizard is moderately wounded.
The orc wizard misses you.
You closely miss the orc wizard.
The orc wizard is moderately wounded.
The orc wizard mumbles some strange words.
The orc wizard blinks!
The orc wizard casts a spell at you. The magic dart hits you!
You die...

# # . . .##
##. !. ..
#.#.# ... #.#
####<####..##
#..ยง!@...<...
#.##.####....
.. #o. . ...
..# ## ##.#
... #.# #.


You could see an orc wizard.

Vanquished Creatures
  An adder (D:2)
  A dart slug (D:1)
  A leopard gecko (D:1)
  2 ball pythons (D:1)
  A bat (D:1)
  A giant cockroach (D:1)
  A goblin (D:2)
  3 hobgoblins (D:1)
  A frilled lizard (D:1)
  2 kobolds
  6 rats
20 creatures vanquished.

Notes
Turn   | Place    | Note
-------+----------+-------------------------------------------
     0 | D:1      | Danakh the Tengu Warper began the quest for the Orb.
     0 | D:1      | Reached XP level 1. HP: 12/12 MP: 4/4
   188 | D:1      | Reached XP level 2. HP: 16/17 MP: 6/6
   320 | D:1      | Learned a level 2 spell: Blink
   323 | D:1      | Learned a level 2 spell: Shroud of Golubria
   750 | D:2      | Reached XP level 3. HP: 21/22 MP: 7/7
   940 | D:2      | You fall through a shaft for 2 floors!
   945 | D:5      | Entered Level 5 of the Dungeon
   949 | D:5      | Killed from afar by an orc wizard

Action                   || total
-------------------------++-------
Melee: Falchion          ||    49
       Peck              ||     8
       Kick              ||     6
 Cast: Shroud of Golubri ||     1
 Stab: Sleeping          ||     1
Armor: Leather armour    ||    13
Dodge: Dodged            ||    32
       Rpst.: Falchion   ||     3
